 Dungeon Crawl Stone Soup version 0.29.1-12-g30fa7ad0bf (webtiles) character file.

Game seed: 4276887669810457214

68 Descartes the Grasshopper (level 4, -14/42 HPs)
             Began as a Troll Warper on Dec 15, 2022.
             Killed from afar by Ijyb (21 damage)
             ... with an iceblast
             ... on level 3 of the Dungeon.
             The game lasted 00:02:47 (1641 turns).

Descartes the Grasshopper (Troll Warper)            Turns: 1641, Time: 00:02:48

Health: -14/42     AC:  5    Str: 19    XL:     4   Next: 1%
Magic:  5/5        EV: 10    Int: 11    God:
Gold:   122        SH:  0    Dex: 12    Spells: 6/6 levels left

rFire   . . .      SeeInvis .   i - +9 trident "Impslayer" {vorpal, rElec rPois Will+ Dex+3}
rCold   . . .      Faith    .   (no shield)
rNeg    . . .      Spirit   .   a - +0 robe
rPois   +          Reflect  .   (helmet restricted)
rElec   +          Harm     .   q - +0 cloak
rCorr   .          Rampage  .   (gloves unavailable)
Will    +....                   (boots unavailable)
Stlth   +.........              (no amulet)
HPRegen 0.94/turn               o - ring of flight
MPRegen 0.09/turn               (no ring)

@: flying
A: large, unfitting armour, claws 3, regeneration 1, shaggy fur 1, tough skin 1
a: no special abilities


You were on level 3 of the Dungeon.
You visited 1 branch of the dungeon, and saw 3 of its levels.

You collected 122 gold pieces.

Inventory:

Hand Weapons
 i - the +9 trident "Impslayer" (weapon) {vorpal, rElec rPois Will+ Dex+3}
   (You found it on level 2 of the Dungeon)

   It inflicts extra damage upon your enemies.
   Dex:       It affects your dexterity (+3).
   rElec:     It insulates you from electricity.
   rPois:     It protects you from poison.
   Will:      It increases your willpower.
Missiles
 c - 7 boomerangs of dispersal (quivered)
 g - 46 stones
 h - 5 large rocks
 k - 11 poisoned darts
Armour
 a - a +0 robe (worn)
 q - a +0 cloak (worn)
Jewellery
 o - a ring of flight (left claw)
Wands
 p - a wand of digging (3)
Scrolls
 b - a scroll of blinking
 d - 2 scrolls of noise {unknown}
 f - 3 scrolls of enchant weapon {unknown}
 j - 2 scrolls of fog {unknown}
 l - 2 scrolls of vulnerability {unknown}
 m - 2 scrolls of teleportation {unknown}
 n - a scroll of amnesia {unknown}
 r - a scroll of torment {unknown}
 t - a scroll of poison {unknown}
Potions
 e - 3 potions of heal wounds {unknown}
 s - a potion of curing {unknown}


   Skills:
 + Level 2.0 Fighting
 + Level 0.6 Polearms
 + Level 1.6 Throwing
 + Level 0.3 Armour
 - Level 2.2 Dodging
 - Level 2.2 Unarmed Combat
 + Level 1.5 Spellcasting
 + Level 2.4 Translocations


You had 6 spell levels left.
You didn't know any spells.
Your spell library contained the following spells:

 Spells                   Type           Power      Damage    Failure   Level
 Blink                    Tloc           12%        N/A       17%         2
 Magic Dart               Conj           0%         1d3       30%         1
 Gell's Gravitas          Tloc           6%         N/A       32%         3
 Lesser Beckoning         Tloc           6%         N/A       32%         3
 Teleport Other           Tloc           6%         N/A       32%         3
 Searing Ray              Conj           0%         2d4       43%         2
 Static Discharge         Conj/Air       0%         3-3/arc   43%         2
 Fulminant Prism          Conj/Hex       0%         3d6       97%         4
 Manifold Assault         Tloc           6%         N/A       97%         5
 Blade Hands              Tmut           0%         N/A       100%        5
 Fireball                 Conj/Fire      0%         3d3       100%        5
 Irradiate                Conj/Tmut      0%         3d11      100%        5
 Iskenderun's Battlesphe  Conj           0%         2d6       100%        5
 Lightning Bolt           Conj/Air       0%         1d11      100%        5
 Conjure Ball Lightning   Conj/Air       0%         3x3d6     100%        6
 Dragon Form              Tmut           0%         N/A       100%        7
 Orb of Destruction       Conj           0%         9d5       100%        7
 Maxwell's Capacitive Co  Air            0%         ∞         100%        8


Dungeon Overview and Level Annotations

Branches:
Dungeon (3/15)

Altars:

Annotations:
D:3 Ijyb


Innate Abilities, Weirdness & Mutations

You are too large for most types of armour.
You have claws for hands.
Your natural rate of healing is unusually fast.
You are covered in fur. (AC +1)
You have tough skin. (AC +1)


Message History

l - 2 scrolls labelled XARIKI DAHUEKE (gained 1)
You now have 122 gold pieces (gained 5).
t - a scroll labelled CEKACZ GOLIR A goblin comes into view.
It is wielding a +0 club.
You hear the slow rusting of a drain nearby.
A goblin is nearby!
Ijyb the Twisted Goblin comes into view.
She is wielding a +0 club, wearing a +3 leather armour of fire resistance and carrying a wand of iceblast (4).
Ijyb shouts!
The goblin shouts!
Ijyb moves out of view.
You reach to attack!
You puncture the goblin!
You kill the goblin!
Your life force feels restored.
You have reached level 4!
Ijyb zaps a wand.
The mass of ice explodes!
The iceblast engulfs you!
You hear an angry hiss.
Ijyb zaps a wand.
The mass of ice explodes!
The iceblast engulfs you!
You are too injured to fight recklessly!
You are too injured to fight recklessly!
You are too injured to fight recklessly!
You are too injured to fight recklessly!
You are too injured to fight recklessly!
You are too injured to fight recklessly!
You are too injured to fight recklessly!
You are too injured to fight recklessly!
You are too injured to fight recklessly!
You are too injured to fight recklessly!
You are too injured to fight recklessly!
You are too injured to fight recklessly!
You are too injured to fight recklessly!
You are too injured to fight recklessly!
You are too injured to fight recklessly!
You are too injured to fight recklessly!
You are too injured to fight recklessly!
You are too injured to fight recklessly!
You are too injured to fight recklessly!
Ijyb zaps a wand.
The mass of ice explodes!
The iceblast engulfs you!
* * * LOW HITPOINT WARNING * * *
Ijyb zaps a wand.
The mass of ice explodes!
The iceblast engulfs you!!
Ouch! That really hurt!
You die...

..........# #.........
..........# #......(...
..........# #...........#
..........####...........#
#####..##................#
# ##..#................#
#### ##..................#
...# ###................#
...# #.......@........#
...# #...........)....#
...# #................#
...# #.....#.....###.##
...# #.....#####.# ...#
#.....# #g# ...# #######
#.. ...# ###. ...# #.


You could see Ijyb.

Vanquished Creatures
  Robin (D:2)
  2 bats (D:1)
  6 endoplasms
  11 hobgoblins
  2 jackals (D:1)
  5 kobolds
  2 quokkas (D:1)
  5 ball pythons
  A frilled lizard (D:1)
  9 goblins
  4 rats
48 creatures vanquished.

Notes
Turn   | Place    | Note
-------+----------+-------------------------------------------
     0 | D:1      | Descartes the Troll Warper began the quest for the Orb.
     0 | D:1      | Reached XP level 1. HP: 19/19 MP: 1/1
    55 | D:1      | Reached skill level 1 in Throwing
   126 | D:1      | Reached XP level 2. HP: 23/28 MP: 2/2
   249 | D:1      | You fall into a shaft and drop 1 floor!
   350 | D:2      | Identified the +9 trident "Impslayer" {vorpal, rElec rPois
                  | Will+ Dex+3}
   509 | D:2      | Noticed Robin
   525 | D:1      | Reached XP level 3. HP: 14/31 MP: 4/4
  1220 | D:2      | Killed Robin
  1283 | D:2      | Found a faded altar of an unknown god.
  1634 | D:3      | Noticed Ijyb
  1637 | D:3      | Reached XP level 4. HP: 41/42 MP: 5/5
  1641 | D:3      | Killed from afar by Ijyb

Illustrated notes

Levels and vault maps discovered:
D:1:      wheals_arrival_linesprint, layout_loops_ring, minmay_tromino_v4_c
D:2:      layout_rooms, hellmonk_ecumenical_altar_zigzags,
          minmay_curled_crystal, uniq_robin
D:3:      layout_basic, portal_sewer_entry_b, uniq_ijyb

Skill      XL: |  1  2  3 |
---------------+----------+-----
Throwing       | 1 |  1.6
Dodging        | 2 |  2.2
Fighting       | 2 |  2.0
Polearms       | |  0.6
Armour         | |  0.3
Unarmed Combat | |  2.2
Spellcasting   | |  1.5
Translocations | |  2.4

Action                   |  1- 3 |  4- 6 || total
-------------------------+-------+-------++-------
Melee: Unarmed           |    38 |       ||    38
       Trident           |    52 |       ||    52
       Punch             |     2 |       ||     2
 Stab: Sleeping          |     1 |       ||     1
Armor: Robe              |    19 |       ||    19
Dodge: Dodged            |    58 |       ||    58
